 Dungeon Crawl Stone Soup version 0.31.0-10-gcf4a605ca0 (webtiles) character file.

Game seed: 3383437757879056390

10175 SnakkuSnakku7 the Grappler (level 11, -6/99 HPs)
             Began as a Ghoul Summoner on Jan 26, 2024.
             Was a High Priest of Uskayaw.
             Mangled by a yak (12 damage)
             ... on level 10 of the Dungeon.
             The game lasted 00:12:34 (9347 turns).

SnakkuSnakku7 the Grappler (Ghoul Summoner)         Turns: 9347, Time: 00:12:34

Health: -6/99      AC: 14    Str: 17    XL:     11   Next: 58%
Magic:  20/20      EV:  8    Int: 10    God:    Uskayaw [*****.]
Gold:   266        SH:  0    Dex: 18    Spells: 12/13 levels left

rFire   + .          .
                       - Unarmed
rCold   + . .        (no shield)
rNeg    + + +        x - +1 chain mail of Thoughtfulness {rCorr Int-4 Dex+9}
rPois   ∞            r - +2 helmet
rElec   .            (no cloak)
rCorr   +            (no gloves)
SInv    .            n - +1 pair of boots
Will    .....        (no amulet) Stlth
                     f - ring of protection from fire
HPRegen 0.00/turn    (no ring)
MPRegen 0.17/turn

%: no passive effects
@: inhibited regen
A: claws 1, cold resistance 1, negative energy resistance 3, inhibited
regeneration, torment resistance 2, devour on kill
a: Renounce Religion, Stomp, Line Pass, Grand Finale


You were on level 10 of the Dungeon.
You worshipped Uskayaw.
Uskayaw was pleased with you.
You visited 2 branches of the dungeon, and saw 11 of its levels.
You also visited: Ossuary.

You collected 503 gold pieces.
You spent 237 gold pieces at shops.

Inventory:

Missiles
 q - a throwing net
Armour
 a - a +0 pair of gloves of stealth
 n - a +1 pair of boots (worn)
 r - a +2 helmet (worn)
 x - the +1 chain mail of Thoughtfulness (worn) {rCorr Int-4 Dex+9}
   (You bought it in a shop on level 4 of the Dungeon)

   Int-4:     It affects your intelligence (-4).
   Dex+9:     It affects your dexterity (+9).
   rCorr:     It protects you from acid and corrosion.
Jewellery
 f - a ring of protection from fire (left claw)
 j - a ring of wizardry
 m - a ring of magical power
 p - a +6 ring of intelligence
 y - the ring "Saemn" {Ice Str+3 Int+3 Dex+4}
   (You found it on level 7 of the Dungeon)

   [ring of ice]

   Ice:       It enhances your ice magic.
   Str+3:     It affects your strength (+3).
   Int+3:     It affects your intelligence (+3).
   Dex+4:     It affects your dexterity (+4).
   rF-:       It makes you vulnerable to fire.
   rC+:       It protects you from cold.
Wands
 i - a wand of polymorph (11)
 v - a wand of flame (16)
Scrolls
 c - 4 scrolls of revelation
 d - a scroll of silence
 k - a scroll of amnesia {unknown}
 l - a scroll of acquirement {unknown}
 o - 2 scrolls of enchant weapon
 s - a scroll of noise {unknown}
 t - 2 scrolls of teleportation
 u - 3 scrolls of blinking
 B - a scroll of poison {unknown}
 C - a scroll of fog
Potions
 b - 2 potions of magic
 e - 2 potions of might
 g - 6 potions of curing {unknown}
 h - a potion of attraction
 w - 4 potions of haste
 z - 2 potions of heal wounds
 A - a potion of enlightenment


   Skills:
 + Level 9.8 Fighting
 - Level 1.7 Dodging
 - Level 2.1 Stealth
 - Level 12.0 Unarmed Combat
 - Level 1.7 Spellcasting
 - Level 3.6 Summonings
 - Level 12.0 Invocations


You had 12 spell levels left.
You knew the following spells:

 Your Spells              Type           Power      Damage    Failure   Level
a - Summon Small Mammal   Summ           32%        N/A       67%         1

Your spell library contained the following spells:

 Spells                   Type           Power      Damage    Failure   Level
 Call Imp                 Summ           16%        N/A       80%         2
 Call Canine Familiar     Summ           8%         N/A       95%         3
 Kiss of Death            Conj/Necr      0%         2d5       99%         1
 Magic Dart               Conj           0%         1d3       99%         1
 Sandblast                Erth           0%         2d4       99%         1
 Cigotuvi's Dreadful Rot  Necr/Alch/Air  0%         N/A       99%         2
 Searing Ray              Conj           0%         2d4       99%         2
 Confusing Touch          Hex            0%         N/A       100%        3
 Fugue of the Fallen      Necr           0%         N/A       100%        3
 Ozocubu's Armour         Ice            0%         N/A       100%        3
 Passwall                 Erth           0%         N/A       100%        3
 Sigil of Binding         Hex            0%         N/A       100%        3
 Stone Arrow              Conj/Erth      0%         3d7       100%        3
 Brom's Barrelling Bould  Conj/Erth      0%         2d3       100%        4
 Dimensional Bullseye     Hex/Tloc       0%         N/A       100%        4
 Dispel Undead            Necr           0%         3d6       100%        4
 Fulminant Prism          Conj/Alch      0%         3d5       100%        4
 Ignite Poison            Fire/Alch      0%         N/A       100%        4
 Manifold Assault         Tloc           0%         N/A       100%        4
 Summon Blazeheart Golem  Fire/Summ      4%         N/A       100%        4
 Summon Lightning Spire   Summ/Air       4%         N/A       100%        4
 Freezing Cloud           Conj/Ice/Air   0%         6-21      100%        5


Dungeon Overview and Level Annotations

Branches:
Dungeon (10/15)            Temple (1/1) D:4            Lair (0/5) D:10
Ossuary (visited)
    Orc: D:9-12

Altars:
Ashenzari
Cheibriados
Dithmenos
Fedhas
Gozag
Hepliaklqana
Kikubaaqudgha
Makhleb
Nemelex Xobeh
Okawaru
Qazlal
Ru
Sif Muna
Trog
Uskayaw
Vehumet
Xom
Yredelemnul

Shops:
D:4 [


Innate Abilities, Weirdness & Mutations

You are immune to poison.
You have sharp fingernails.
Your flesh is cold resistant. (rC+)
You are immune to negative energy. (rN+++)
You do not regenerate when monsters are visible.
You are immune to unholy pain and torment.
You thrive by killing the living.


Message History

The death yak is almost dead.
The death yak gores you but does no damage.
The yak gores you but does no damage.
You barely miss the death yak.
The death yak is almost dead.
The death yak gores you! The yak gores you but does no damage.
Unknown command.
You claw the death yak!
You kill the yak!
You kill the death yak!
You feel better. The yak gores you but does no damage.
Your Fighting skill increases to level 9!
You claw the death yak! You claw the death yak.
The death yak is almost dead.
The yak is no longer sharing its pain.
The death yak gores you.
You can now merge with and destroy a victim.
You mangle the death yak!!
You kill the yak!
You kill the death yak!
The yak gores you. The yak barely misses you. The yak gores you!
You see here a death yak corpse.
Unknown command.
You barely miss the yak.
The yak is heavily wounded.
The yak is no longer sharing its pain.
The yak gores you but does no damage.
You scratch the yak.
The yak is heavily wounded.
The yak gores you!
* * * LOW HITPOINT WARNING * * *
The yak gores you.
* * * LOW HITPOINT WARNING * * *
The yak gores you.
* * * LOW HITPOINT WARNING * * *
The yak closely misses you. The yak gores you!
* * * LOW HITPOINT WARNING * * *
You claw the yak!
You kill the yak!
The yak is no longer sharing its pain.
The yak gores you.
* * * LOW HITPOINT WARNING * * *
The yak gores you but does no damage. The yak gores you!
You die...

*,.....*
###############..YY....
*,,,,,,*
##############Y.#######
******,* #######........##
***,**#######........#
*****,,,....#####.$.....##
,*,,,,,,.../#####.......#
,*,**,,,....#####.......#
,*,**,,,....####YY†.....#
,,,**,,,....###†@.......#
*,,**,,,....###Y#Y......#
*,,**,,,....###.#.......#
,,,*****#######.#########
*,******#######'###########
,,,,,,,,#.:...............#
*,*****,#.................#
*,,****,#$................#
*,,,,**,#.................#


You could see 4 yaks.

Vanquished Creatures
  A two-headed ogre (D:9)
  3 death yaks (D:10)
  A hornet (D:8)
  20 yaks
  2 steam dragons
  Menkaure (Ossuary)
  An acid dragon (D:10)
  3 water moccasins
  5 ice beasts
  3 orc warriors (D:8)
  2 black bears
  A sky beast (D:4)
  2 centaurs
  3 ogres
  A phantom (D:4)
  5 kobold brigands
  2 bullfrogs
  A gnoll sergeant (D:9)
  5 scorpions
  10 wights (D:8)
  6 killer bees (D:9)
  2 howler monkeys
  A bombardier beetle (D:6)
  A hound (D:5)
  5 orc priests
  2 jellies (D:7)
  A sleepcap (D:6)
  A gnoll bouda (D:6)
  3 iguanas
  5 orc wizards
  4 mummies
  16 gnolls
  8 adders
  A shadow imp (D:5)
  2 ufetubi (D:6)
  5 ribbon worms
  A dart slug (D:1)
  25 orcs
  3 bats
  6 endoplasms
  6 giant cockroaches
  8 goblins
  6 hobgoblins
  13 jackals
  A quokka (D:1)
  5 ball pythons
  3 frilled lizards
  3 gnoll skeletons (Ossuary)
  5 gnoll zombies (Ossuary)
  4 goblin skeletons (Ossuary)
  5 goblin zombies (Ossuary)
  6 hobgoblin skeletons (Ossuary)
  4 hobgoblin zombies (Ossuary)
  37 kobolds
  4 kobold skeletons (Ossuary)
  4 kobold zombies
  5 orc skeletons (Ossuary)
  5 orc zombies
  4 rats
  3 rat skeletons (Ossuary)
  4 rat zombies (Ossuary)
305 creatures vanquished.

Vanquished Creatures (collateral kills)
  A goblin (D:1)
1 creature vanquished.

Vanquished Creatures (others)
  A gnoll (D:6)
1 creature vanquished.

Grand Total: 307 creatures vanquished

Notes
Turn   | Place    | Note
-------+----------+-------------------------------------------
     0 | D:1      | SnakkuSnakku7 the Ghoul Summoner began the quest for the
                  | Orb.
     0 | D:1      | Reached XP level 1. HP: 14/14 MP: 3/3
    90 | D:1      | Reached skill level 1 in Fighting
    90 | D:1      | Reached skill level 1 in Unarmed Combat
   139 | D:1      | Reached XP level 2. HP: 23/23 MP: 4/4
   585 | D:1      | Reached XP level 3. HP: 22/29 MP: 5/5
  1142 | D:2      | Reached XP level 4. HP: 24/37 MP: 6/6
  1633 | D:3      | Found a faded altar of an unknown god.
  1900 | D:3      | Reached XP level 5. HP: 20/45 MP: 7/7
  2191 | D:3      | Noticed an ice beast
  2218 | D:3      | Killed an ice beast
  2219 | D:3      | Reached XP level 6. HP: 12/52 MP: 8/8
  2593 | D:4      | Noticed a sky beast
  2608 | D:4      | Killed a sky beast
  2641 | D:4      | Found Qauson's Antique Armour Shoppe.
  2741 | D:4      | Found a snail-covered altar of Cheibriados.
  2741 | D:4      | Found a hazy altar of Hepliaklqana.
  2743 | D:4      | Found a shimmering blue altar of Sif Muna.
  2744 | D:4      | Found a sacrificial altar of Ru.
  2768 | D:4      | Found a staircase to the Ecumenical Temple.
  2802 | D:4      | Reached skill level 5 in Fighting
  2802 | D:4      | Reached skill level 5 in Unarmed Combat
  2802 | D:4      | Reached XP level 7. HP: 37/61 MP: 9/9
  2812 | Temple   | Entered the Ecumenical Temple
  2840 | Temple   | Became a worshipper of Uskayaw the Reveller
  2921 | D:4      | Reached * piety under Uskayaw
  2929 | D:4      | Reached ** piety under Uskayaw
  3120 | D:5      | Entered Level 5 of the Dungeon
  3423 | D:5      | Reached XP level 8. HP: 49/68 MP: 10/10
  3540 | D:5      | Reached *** piety under Uskayaw
  3543 | D:5      | Reached **** piety under Uskayaw
  3922 | D:4      | Bought a fading chain mail for 237 gold pieces
  3922 | D:4      | Identified the +1 chain mail of Thoughtfulness {rCorr Int-4
                  | Dex+9} (You bought it in a shop on level 4 of the Dungeon)
  4655 | D:6      | Reached skill level 10 in Unarmed Combat
  4821 | D:6      | Identified the +0 hat "Iquim" {rC- Str-3 Int+8 Stlth+}
  4909 | D:6      | Reached XP level 9. HP: 72/74 MP: 11/11
  5744 | D:7      | Identified the ring "Saemn" {Ice Str+3 Int+3 Dex+4}
  5755 | D:7      | Found a sand-covered staircase.
  5812 | Ossuary  | Entered an ossuary
  6185 | Ossuary  | Noticed Menkaure
  6191 | Ossuary  | Killed Menkaure
  6192 | Ossuary  | Reached skill level 5 in Invocations
  6723 | D:8      | Reached XP level 10. HP: 48/81 MP: 15/15
  6727 | D:8      | Reached ***** piety under Uskayaw
  7168 | D:8      | Reached ****** piety under Uskayaw
  7456 | D:8      | Found a shadowy altar of Dithmenos.
  7811 | D:9      | Identified the +3 hand axe of Purpose {flame, rElec rCorr
                  | Str+2 Int-4}
  7847 | D:9      | Reached skill level 10 in Invocations
  8005 | D:9      | Found a radiant altar of Vehumet.
  8082 | D:9      | Noticed a two-headed ogre
  8096 | D:9      | Killed a two-headed ogre
  8111 | D:9      | Reached XP level 11. HP: 89/89 MP: 18/20
  9037 | D:10     | Entered Level 10 of the Dungeon
  9069 | D:10     | Found a staircase to the Lair.
  9069 | D:10     | Noticed a death yak
  9069 | D:10     | Noticed a death yak
  9069 | D:10     | Noticed a death yak
  9334 | D:10     | Killed a death yak
  9340 | D:10     | Killed a death yak
  9342 | D:10     | Killed a death yak
  9347 | D:10     | Mangled by a yak

Illustrated notes

Levels and vault maps discovered:
D:1:      saegor_arrival_simple_e, layout_basic
D:2:      layout_loops_ring
D:3:      layout_basic, shapermc_ecumenical_altar_gd
D:4:      layout_cave_pools, grunt_temple_overflow_open,
          minmay_temple_entry_large_hall, serial_shops, shop_fountains
D:5:      layout_layer_cave
D:6:      layout_loops_ring, kennysheep_generic_room_15
D:7:      layout_cave_pools, nicolae_ossuary_entry_giza,
          chequers_serial_rivers_small_3, serial_bayou_pond_a,
          nicolae_concentric_dashed_squares_wild
D:8:      layout_basic, general_overflow_altar
D:9:      layout_roguey, marbit_many_paths
D:10:     layout_basic, nzn_wu_jian_contemplation, dpeg_lair_monsters,
          uniq_gastronok, uniq_fannar
Temple:   oiseaux_autumnal_temple

Skill      XL: |  1  2  3  4  5  6  7  8  9 10 11 |
---------------+----------------------------------+-----
Fighting       | 1 2 3 4 5 6 9 |  9.8
Unarmed Combat | 1 2 3 4 5 7 10 12 | 12.0
Invocations    | 7 12 | 12.0
Dodging        | |  1.7
Stealth        | |  2.1
Spellcasting   | |  1.7
Summonings     | |  3.6

Action                     |  1- 3 |  4- 6 |  7- 9 | 10-12 || total
---------------------------+-------+-------+-------+-------++-------
  Melee: Unarmed           |   172 |   199 |   439 |   244 ||  1054
         Punch             |     2 |     5 |    23 |    18 ||    48
  Throw: Throwing net      |       |       |       |     1 ||     1
   Cast: Summon Small Mamm |     2 |       |       |       ||     2
  Evoke: Wand              |       |       |     3 |       ||     3
    Use: Scroll            |       |       |    10 |     7 ||    17
         Potion            |       |       |     2 |       ||     2
   Stab: Sleeping          |     2 |       |       |       ||     2
         Paralysed         |       |       |    14 |    19 ||    33
         Distracted        |       |       |     1 |       ||     1
         Held in net/web   |       |       |       |     1 ||     1
 Armour: Robe              |    69 |       |       |       ||    69
         Chain mail        |    26 |   122 |   370 |   247 ||   765
         Ring mail         |    14 |       |       |       ||    14
  Dodge: Dodged            |   105 |    60 |   134 |   107 ||   406
